 Dungeon Crawl Stone Soup version 0.25.1-2-g60ff931df9 (webtiles) character file.

Game seed: 4169949992826783498

1273 Ch1lls the Poker (level 8, -3/70 HPs)
             Began as a Hill Orc Berserker on Aug 3, 2020.
             Was a Priest of Trog.
             Slain by Menkaure (7 damage)
             ... on level 6 of the Dungeon.
             The game lasted 00:29:19 (5959 turns).

Ch1lls the Poker (Hill Orc Berserker)               Turns: 5959, Time: 00:29:27

Health: -3/70      AC: 11    Str: 22    XL:     8   Next: 53%
Magic:  8/8        EV:  6    Int: 12    God:    Trog [***...]
Gold:   48         SH:  9    Dex: 10    Spells: 7/7 levels left

rFire    . . .     SeeInvis .   B - +9 broad axe of Kiaw {freeze, Int+5}
rCold    . . .     Gourm    .   o - +0 kite shield (curse)
rNeg     . . .     Faith    .   r - +0 chain mail
rPois    .         Spirit   .   l - +0 helmet
rElec    .         Reflect  .   (no cloak)
rCorr    .         Harm     .   (no gloves)
MR       .....                  (no boots)
Stlth    ..........             (no amulet)
HPRegen  0.21/turn              (no ring)
MPRegen  0.11/turn              (no ring)

@: no status effects
A: no striking features
a: Berserk, Trog's Hand, Renounce Religion


You were on level 6 of the Dungeon.
You worshipped Trog.
Trog was most pleased with you.
You were not hungry.

You visited 2 branches of the dungeon, and saw 7 of its levels.

You collected 255 gold pieces.
You spent 207 gold pieces at shops.

Inventory:

Hand Weapons
 a - a +0 hand axe
 h - a +2 spear of venom
 B - the +9 broad axe of Kiaw (weapon) {freeze, Int+5}
   (You bought it in a shop on level 6 of the Dungeon)

   It has been specially enchanted to freeze those struck by it, causing extra
   injury to most foes and up to half again as much damage against particularly
   susceptible opponents.
   It can also slow down cold-blooded creatures.
   It affects your intelligence (+5).
Armour
 b - a +0 animal skin
 g - a +0 ring mail
 l - a +0 helmet (worn)
 o - a cursed +0 kite shield (worn)
 r - a +0 chain mail (worn)
Jewellery
 f - an uncursed amulet of reflection {unknown}
 n - a +6 ring of intelligence {unknown}
Wands
 z - a wand of paralysis (11)
 C - a wand of random effects (8)
Scrolls
 d - 4 scrolls of teleportation {unknown}
 j - 5 scrolls of identify {unknown}
 k - 3 scrolls of remove curse {unknown}
 p - a scroll of enchant armour {unknown}
 q - a scroll of immolation {unknown}
 s - a scroll of fear {unknown}
 t - a scroll of fog {unknown}
 x - a scroll of random uselessness {unknown}
 y - 2 scrolls of amnesia {unknown}
 A - a scroll of vulnerability {unknown}
Potions
 c - 2 potions of berserk rage {unknown}
 e - 2 potions of stabbing {unknown}
 i - 2 potions of lignification {unknown}
 m - 2 potions of ambrosia {unknown}
 u - a potion of haste {unknown}
 v - a potion of degeneration {unknown}
 w - a potion of heal wounds {unknown}
Comestibles
 D - 10 chunks of flesh
 E - a ration


   Skills:
 + Level 6.0 Fighting
 + Level 4.9(6.8) Axes
 + Level 6.0(6.6) Polearms
 + Level 5.6 Armour
 + Level 2.5 Dodging
 + Level 0.8 Stealth
 + Level 4.2 Shields


You had 7 spell levels left.
You didn't know any spells.
Your spell library was empty.

Dungeon Overview and Level Annotations

Branches:
Dungeon (6/15)             Temple (1/1) D:6

Altars:
Ashenzari
Cheibriados
Dithmenos
Elyvilon
Fedhas
Gozag
Hepliaklqana
Kikubaaqudgha
Makhleb
Nemelex Xobeh
Okawaru
Qazlal
Ru
Sif Muna
Uskayaw
Vehumet
Wu Jian
Xom
Yredelemnul
Zin
The Shining One

Shops:
D:6 (

Annotations:
D:4 Eustachio, Pikel
D:6 Menkaure, Sigmund


Message History

Menkaure casts a spell at you. Pain shoots through your body!
* * * LOW HITPOINT WARNING * * *
A sky beast comes into view.
You block the sky beast's attack.
Your shield and chain mail prevent you from hitting the sky beast.
Menkaure points at you and mumbles some strange words.
You struggle to resist.
You block the sky beast's attack.
You barely miss the sky beast.
The sky beast hits you but does no damage.
Menkaure hits you.
* * * LOW HITPOINT WARNING * * *
You slash the sky beast! You freeze the sky beast.
The sky beast is severely wounded.
You hit Menkaure. You freeze Menkaure. Menkaure hits you.
* * * LOW HITPOINT WARNING * * *
You block the sky beast's attack.
The sky beast flickers out of sight!
Deactivating autopickup; reactivate with Ctrl-A.
Something hits you but does no damage. Menkaure hits you!
You die...

###+### #. # # #.#.#
#........# #.#.####
#........# #.......
#........# #...####
#........# #...#
#........# #...# .......
#........# #...# .......
#.{......# #...# .......
#####@# #...# .......
#.@JM.# #...#### .......
#.##### #...#... ....[..
#.###### #...#... ...@...
###......# .####...#...
....... ..#M.....#
#............ #######
#.#J.....# ######...#### #
#.#......#########.### # #
###.#@.###.............###


You could see Sigmund, Menkaure (fast) and a jelly.

Vanquished Creatures
  A water moccasin (D:5)
  2 sky beasts (D:5)
  3 slaves (D:4)
  A phantom (D:5)
  An ogre (D:4)
  A crocodile (D:4)
  2 howler monkeys
  3 vampire bats (D:5)
  2 crimson imps
  3 hounds
  3 bullfrog zombies
  An orc wizard (D:3)
  An orc priest (D:6)
  An iguana (D:4)
  A worker ant (D:4)
  8 adders
  A howler monkey skeleton (D:4)
  An ooze (D:1)
  3 worms
  2 leopard geckos
  7 orcs
  2 ball pythons (D:2)
  8 bats
  3 bat skeletons (D:5)
  3 bat zombies (D:5)
  A giant cockroach (D:2)
  13 goblins
  6 hobgoblins
  7 jackals
  4 quokkas
  4 frilled lizards
  A jackal zombie (D:5)
  10 kobolds
  8 rats
118 creatures vanquished.

Notes
Turn   | Place    | Note
-------+----------+-------------------------------------------
     0 | D:1      | Ch1lls the Hill Orc Berserker began the quest for the Orb.
     0 | D:1      | Reached XP level 1. HP: 19/19 MP: 1/1
   202 | D:1      | Reached XP level 2. HP: 11/27 MP: 2/2
   509 | D:1      | Reached XP level 3. HP: 33/33 MP: 3/3
   616 | D:1      | Reached ** piety under Trog
  1147 | D:2      | Reached skill level 1 in Polearms
  1233 | D:2      | Reached XP level 4. HP: 37/41 MP: 4/4
  1577 | D:2      | Reached XP level 5. HP: 37/47 MP: 5/5
  2277 | D:3      | Reached skill level 1 in Shields
  2279 | D:3      | Reached *** piety under Trog
  2752 | D:4      | Noticed Pikel
  2753 | D:4      | Noticed Eustachio
  2753 | D:4      | Noticed a slave
  2755 | D:4      | Noticed a slave
  2773 | D:4      | Noticed an ogre
  2801 | D:4      | Killed an ogre
  2801 | D:4      | Reached XP level 6. HP: 29/53 MP: 6/6
  2944 | D:4      | Found a white marble altar of Elyvilon.
  2944 | D:4      | Found an opulent altar of Gozag.
  3344 | D:4      | Reached XP level 7. HP: 18/60 MP: 7/7
  3486 | D:4      | Reached skill level 5 in Fighting
  3495 | D:5      | Entered Level 5 of the Dungeon
  3760 | D:5      | Reached skill level 5 in Polearms
  3760 | D:5      | Reached skill level 5 in Armour
  3974 | D:5      | Reached XP level 8. HP: 61/68 MP: 8/8
  4464 | D:5      | Found an ancient bone altar of Kikubaaqudgha.
  4920 | D:6      | Found a staircase to the Ecumenical Temple.
  4932 | Temple   | Entered the Ecumenical Temple
  5517 | D:6      | Found Suedyl's Antique Weapon Shop.
  5526 | D:6      | Bought an iridescent broad axe for 207 gold pieces
  5526 | D:6      | Identified the +9 broad axe of Kiaw {freeze, Int+5} (You
                  | bought it in a shop on level 6 of the Dungeon)
  5923 | D:6      | Noticed Menkaure
  5924 | D:6      | Noticed Sigmund
  5959 | D:6      | Slain by Menkaure

Illustrated notes

Levels and vault maps discovered:
D:1:      dpeg_arrival_houses_and_road, layout_loops_ring
D:2:      layout_basic
D:3:      layout_loops_ring, first_ration
D:4:      layout_basic, gammafunk_temple_overflow_wave, grunt_decor_cap,
          minmay_fractal_squares_5, uniq_eustachio, uniq_pikel
D:5:      layout_loops_corners, kennysheep_vampire_church
D:6:      layout_basic, minmay_temple_entry_junction, serial_shops,
          nicolae_shop_temple_entry_statues_fountains, uniq_sigmund,
          uniq_menkaure
Temple:   hc_temple_tempest_star

Skill      XL: |  1  2  3  4  5  6  7  8 |
---------------+-------------------------+-----
Fighting       | 4 5 6 |  6.0
Polearms       | 1 2 3 4 5 6 |  6.0
Armour         | 3 4 5 |  5.6
Dodging        | 2 |  2.5
Shields        | 1 2 3 4 |  4.2
Axes           | |  4.9
Stealth        | |  0.8

Action                   |  1- 3 |  4- 6 |  7- 9 || total
-------------------------+-------+-------+-------++-------
Melee: Hand axe          |    20 |       |       ||    20
       Spear             |   108 |   166 |   180 ||   454
       Broad axe         |       |       |    13 ||    13
  Eat: Chunk             |       |     3 |     1 ||     4
       Ration            |       |     2 |     2 ||     4
Armor: Animal skin       |     5 |       |       ||     5
       Ring mail         |    39 |    23 |       ||    62
       Chain mail        |       |    64 |   132 ||   196
Dodge: Dodged            |    58 |    55 |    70 ||   183
Block: Kite shield       |     4 |    65 |   100 ||   169
